 Dungeon Crawl Stone Soup version 0.28-a0-1638-g9123634e07 (webtiles) character file.

Game seed: 13473043599770531598

107 ragingrage the Charlatan (level 4, 0/28 HPs)
             Began as a Gargoyle Artificer on Jan 25, 2022.
             Slain by a killer bee zombie (6 damage)
             ... on level 3 of the Dungeon.
             The game lasted 00:04:17 (4255 turns).

ragingrage the Charlatan (Gargoyle Artificer)       Turns: 4255, Time: 00:04:18

Health: 0/28       AC:  6    Str: 17    XL:     4   Next: 86%
Magic:  4/4        EV: 11    Int: 12    God:
Gold:   50         SH:  0    Dex: 10    Spells: 3/3 levels left

rFire   . . .      SeeInvis .   q - +0 hand axe
rCold   . . .      Faith    .   (no shield)
rNeg    + . .      Spirit   .   b - +0 leather armour
rPois   ∞          Reflect  .   (no helmet)
rElec   +          Harm     .   (no cloak)
rCorr   .          Rampage  .   (no gloves)
Will    .....                   (no boots)
Stlth   +.........              (no amulet)
HPRegen 0.09/turn               (no ring)
MPRegen 0.09/turn               (no ring)

@: no status effects
A: sickness immunity, AC +3, negative energy resistance 1, electricity
resistance, torment resistance 1, petrification resistance
a: no special abilities


You were on level 3 of the Dungeon.
You visited 1 branch of the dungeon, and saw 3 of its levels.

You collected 50 gold pieces.

Inventory:

Hand Weapons
 q - a +0 hand axe (weapon)
Missiles
 j - 6 poisoned darts
Armour
 b - a +0 leather armour (worn)
Magical Staves
 o - a staff of poison
Wands
 c - a wand of flame (14) (quivered)
 d - a wand of charming (13)
Scrolls
 a - a scroll of fog {unknown}
 f - 2 scrolls of amnesia {unknown}
 g - 4 scrolls of identify {unknown}
 h - 2 scrolls of magic mapping {unknown}
 m - a scroll of acquirement {unknown}
 n - a scroll of immolation {unknown}
 p - a scroll of enchant weapon {unknown}
Potions
 i - a potion of invisibility {unknown}
 k - a potion of brilliance {unknown}
 l - a potion of mutation {unknown}
Miscellaneous
 e - a piece from Xom's chessboard (15/15)


   Skills:
 - Level 3.1 Fighting
 + Level 1.0 Axes
 - Level 2.1 Armour
 - Level 0.7 Dodging
 - Level 1.1 Stealth
 + Level 3.9 Evocations


You had 3 spell levels left.
You didn't know any spells.
Your spell library contained the following spells:

 Spells                   Type           Power      Damage    Failure   Level
 Ensorcelled Hibernation  Hex/Ice        0%         N/A       52%         2
 Passwall                 Tmut/Erth      0%         N/A       52%         2
 Swiftness                Air            0%         N/A       75%         3


Dungeon Overview and Level Annotations

Branches:
Dungeon (3/15)

Altars:

Annotations:
D:3 Terence


Innate Abilities, Weirdness & Mutations

You are immune to sickness and miasma.
Your stone body is resilient. (AC +3)
You are immune to poison.
You resist negative energy. (rN+)
You are resistant to electric shocks. (rElec)
You are resistant to unholy torment.
You are immune to petrification.


Message History

The killer bee zombie hits you.
The killer bee zombie hits you but does no damage.
q - a +0 hand axe (weapon)
The killer bee zombie hits you.
You hit the killer bee zombie.
The killer bee zombie is moderately damaged.
The killer bee zombie barely misses you.
The killer bee zombie hits you but does no damage.
You hit the killer bee zombie.
The killer bee zombie is moderately damaged.
The killer bee zombie hits you but does no damage. x2
You barely miss the killer bee zombie.
The killer bee zombie is moderately damaged.
The killer bee zombie hits you. x2
You miss the killer bee zombie.
The killer bee zombie is moderately damaged.
The killer bee zombie hits you. The killer bee zombie misses you.
The killer bee zombie hits you.
You barely miss the killer bee zombie.
The killer bee zombie is moderately damaged.
The killer bee zombie closely misses you.
The killer bee zombie hits you.
You closely miss the killer bee zombie.
The killer bee zombie is moderately damaged.
The killer bee zombie barely misses you.
The killer bee zombie closely misses you.
You barely miss the killer bee zombie.
The killer bee zombie is moderately damaged.
The killer bee zombie hits you.
The killer bee zombie barely misses you.
You hit the killer bee zombie.
The killer bee zombie is heavily damaged.
The killer bee zombie hits you.
* * * LOW HITPOINT WARNING * * *
The killer bee zombie barely misses you.
You hit the killer bee zombie.
The killer bee zombie is heavily damaged.
The killer bee zombie barely misses you.
The killer bee zombie misses you. The killer bee zombie hits you.
You die...

#....# #....###
#.......##
#....##..###
#....###...###
#........#...#####
#....###..##†).<.#
#....Z@...######..#
#....####.# #..#
###....##.# #...
##....#.. ####
##...##.. #...#####
#.....###.##
#.###......#
..........#..#


You could see a killer bee zombie.

Vanquished Creatures
  An adder (D:2)
  4 gnolls
  A worm (D:1)
  An orc (D:2)
  2 ball pythons (D:1)
  4 bats
  3 endoplasms
  A giant cockroach (D:1)
  2 goblins (D:1)
  4 hobgoblins
  4 jackals
  7 kobolds
  3 quokkas
  3 frilled lizards
  5 rats
45 creatures vanquished.

Vanquished Creatures (collateral kills)
  2 endoplasms (D:1)
  A giant cockroach (D:1)
  A goblin (D:1)
  A jackal (D:1)
  2 rats (D:1)
7 creatures vanquished.

Vanquished Creatures (others)
  A jelly (D:1)
1 creature vanquished.

Grand Total: 53 creatures vanquished

Notes
Turn   | Place    | Note
-------+----------+-------------------------------------------
     0 | D:1      | ragingrage the Gargoyle Artificer began the quest for the
                  | Orb.
     0 | D:1      | Reached XP level 1. HP: 12/12 MP: 1/1
     2 | D:1      | Found a runed translucent door.
   463 | D:1      | Reached XP level 2. HP: 13/17 MP: 2/2
  1491 | D:1      | Reached XP level 3. HP: 19/22 MP: 3/3
  2985 | D:2      | Reached XP level 4. HP: 12/27 MP: 4/4
  3478 | D:3      | Noticed Terence
  4092 | D:3      | Reached skill level 1 in Axes
  4255 | D:3      | Slain by a killer bee zombie

Illustrated notes

Levels and vault maps discovered:
D:1:      dpeg_arrival_caged_fury, layout_loops_ring, minmay_pentomino_w2
D:2:      layout_basic
D:3:      layout_rooms, uniq_terence, uniq_natasha, uniq_crazy_yiuf_cottage

Skill      XL: |  1  2  3  4 |
---------------+-------------+-----
Evocations     | 3 |  3.9
Fighting       | 2 3 |  3.1
Axes           | 1 |  1.0
Armour         | |  2.1
Dodging        | |  0.7
Stealth        | |  1.1

Action                   |  1- 3 |  4- 6 || total
-------------------------+-------+-------++-------
Melee: Club              |   195 |       ||   195
       Punch             |     2 |     1 ||     3
       Staff             |    10 |    53 ||    63
       Hand axe          |       |     9 ||     9
Evoke: Wand              |     3 |       ||     3
 Stab: Distracted        |     1 |       ||     1
Armor: Leather armour    |   100 |    24 ||   124
Dodge: Dodged            |   137 |    49 ||   186

Table legend: (Time is in decaauts)
 A = Elapsed time spent in this place.
 B = Non-inter-level travel time spent in this place.
 C = Inter-level travel time spent in this place.
 D = Time resting spent in this place.
 E = Time spent auto-exploring this place.
 F = Levels seen in this place.
 G = Mean time per level.
                   A        B        C        D        E       F      G
               +--------+--------+--------+--------+--------+-----+--------+
         Total |   4331 |   4218 |    113 |   2051 |   1491 |   3 | 1443.7 |
       Dungeon |   4331 |   4218 |    113 |   2051 |   1491 |   3 | 1443.7 |
               +--------+--------+--------+--------+--------+-----+--------+

Top non-repeatable levels by time:
     D:2: 2174 daAuts
     D:1: 1921 daAuts
     D:3: 236 daAuts
